 Dungeon Crawl Stone Soup version 0.28.0-1-gb440e238dd (webtiles) character file.

Game seed: 11312205850229478259

251 Acheron the Changer (level 6, -3/44 HPs)
             Began as a Merfolk Wanderer on Feb 26, 2022.
             Slain by a gnoll (8 damage)
             ... on level 4 of the Dungeon.
             The game lasted 00:11:39 (2766 turns).

Acheron the Changer (Merfolk Wanderer)              Turns: 2766, Time: 00:11:48

Health: -3/44      AC:  4    Str: 11    XL:     6   Next: 13%
Magic:  7/7        EV: 13    Int: 14    God:
Gold:   87         SH:  0    Dex: 21    Spells: 1/7 levels left

rFire   + + .      SeeInvis .   e - +9 hand axe of Hepliaklqana's Respect {freeze, rPois rF++ Dex+7}
rCold   + . .      Faith    .   (no shield)
rNeg    . . .      Spirit   .   b - +0 robe
rPois   +          Reflect  .   c - +1 helmet
rElec   .          Harm     .   (no cloak)
rCorr   .          Rampage  .   (no gloves)
Will    .....                   (no boots)
Stlth   +++.......              (no amulet)
HPRegen 0.14/turn               o - ring of protection from cold
MPRegen 0.10/turn               n - ring of poison resistance

@: no status effects
A: (nimble swimmer 2), mertail
a: no special abilities


You were on level 4 of the Dungeon.
You visited 1 branch of the dungeon, and saw 4 of its levels.

You collected 87 gold pieces.

Inventory:

Hand Weapons
 d - a +0 spear
 e - the +9 hand axe of Hepliaklqana's Respect (weapon) {freeze, rPois rF++ Dex+7}
   (You found it on level 2 of the Dungeon)

   It freezes those it strikes, dealing additional cold damage.
   It can also slow down cold-blooded creatures.
   Dex:       It affects your dexterity (+7).
   rF:        It greatly protects you from fire.
   rPois:     It protects you from poison.
 h - a +3 mace of protection
Missiles
 a - a boomerang
 i - 4 poisoned darts (quivered)
Armour
 b - a +0 robe (worn)
 c - a +1 helmet (worn)
 f - a +0 chain mail
Jewellery
 n - a ring of poison resistance (right hand)
 o - a ring of protection from cold (left hand)
Scrolls
 j - a scroll of fear
 k - a scroll of enchant weapon
 l - a scroll of teleportation
Potions
 g - a potion of lignification {unknown}
 m - a potion of mutation


   Skills:
 * Level 2.0 Fighting
 * Level 2.4(2.5) Axes
 * Level 2.0(3.5) Polearms
 * Level 1.7 Throwing
 + Level 1.0 Armour
 * Level 2.7 Dodging
 * Level 3.1 Stealth
 * Level 1.1 Spellcasting
 + Level 2.2 Summonings
 + Level 4.3 Transmutations


You had one spell level left.
You knew the following spells:

 Your Spells              Type           Power      Damage    Failure   Level
a - Beastly Appendage     Tmut           24%        N/A       4%          1
b - Wereblood             Tmut           12%        N/A       7%          2
c - Call Canine Familiar  Summ           7%         N/A       30%         3

Your spell library contained the following spells:

 Spells                   Type           Power      Damage    Failure   Level
 Summon Small Mammal      Summ           28%        N/A       11%         1
 Pain                     Necr           0%         1d4       26%         1
 Spider Form              Tmut/Pois      6%         N/A       32%         3
 Summon Guardian Golem    Hex/Summ       3%         N/A       45%         3


Dungeon Overview and Level Annotations

Branches:
Dungeon (4/15)
 Temple: D:4-7

Altars:
Okawaru


Innate Abilities, Weirdness & Mutations

((You are very nimble when in or above water. (Stealth+, EV+, Speed+++)))
Your lower body shifts to a powerful aquatic tail in water.


Message History

* * * LOW HITPOINT WARNING * * *
Your orc hits the gnoll with a +0 morningstar of freezing.
Your orc freezes the gnoll.
The gnoll misses you.
Unknown command.
The gnoll barely misses you.
Your orc hits the gnoll with a +0 morningstar of freezing.
Your orc freezes the gnoll.
The gnoll misses you.
A hobgoblin comes into view.
The hobgoblin shouts!
Your orc closely misses the gnoll.
Your orc hits the gnoll with a +0 morningstar of freezing!
Your orc freezes the gnoll.
The gnoll dies!
You closely miss the iguana. The iguana misses you.
You closely miss the iguana. The iguana closely misses you.
You hit the iguana. You freeze the iguana.
The iguana is heavily wounded.
Your orc hits the giant cockroach but does no damage.
The iguana barely misses you.
Your orc closely misses the gnoll.
You slash the iguana! You freeze the iguana.
You kill the iguana!
Your iguana misses the gnoll.
Your Fighting skill increases to level 2!
Your base Polearms skill increases to level 2!
Your Stealth skill increases to level 3!
You have reached level 6!
You hit the giant cockroach. You freeze the giant cockroach.
You kill the giant cockroach!
Your iguana bites the gnoll!
The gnoll dies!
Your orc hits the endoplasm with a +0 morningstar of freezing.
Your orc freezes the endoplasm.
The gnoll barely misses you.
You slash the gnoll! You freeze the gnoll.
The gnoll is almost dead.
Your worm dissolves into shadows!
The gnoll hits you from afar with a +0 spear!
* * * LOW HITPOINT WARNING * * *
Your iguana completely misses the endoplasm.
The gnoll hits you with a +0 flail!
You die...

###.##.#.........# ..
##<#.......#w##
######..........#..#
#...##.###......##l## ... ##
#.#.##.#........##..# ....
.###†#.##..........###.#..###
.............##.##..[)........
.##############.##ol..#....###
.....# #.....@gJ..)........
.###.# #.######go..#....#.#
.#.#.# ..........)# # ...#.#
^....(.#....## ##.#.######
.......###...... ..........#
...g...# ....#. ........#.#
.......# ##..# #######.#.#
.......+ ..# .....##.#.#


You could see 2 gnolls, an orc, an endoplasm, a friendly iguana (summoned) and a
friendly orc (summoned).

Vanquished Creatures
  A bullfrog (D:4)
  A scorpion (D:3)
  An iguana (D:4)
  3 gnolls (D:4)
  An adder skeleton (D:4)
  A dart slug (D:3)
  4 orcs
  6 endoplasms
  3 giant cockroaches
  4 goblins
  7 hobgoblins
  2 jackals (D:4)
  4 kobolds
  5 ball pythons
  6 bats
  3 frilled lizards
  4 rats
56 creatures vanquished.

Vanquished Creatures (collateral kills)
  2 gnolls (D:4)
2 creatures vanquished.

Grand Total: 58 creatures vanquished

Notes
Turn   | Place    | Note
-------+----------+-------------------------------------------
     0 | D:1      | Acheron the Merfolk Wanderer began the quest for the Orb.
     0 | D:1      | Acheron set off with the following items: a +0 dagger, a +0
                  | robe, a +0 helmet; and the following spells available to
                  | memorise: Beastly Appendage, Wereblood, Summon Small
                  | Mammal, Call Canine Familiar, Spider Form
     0 | D:1      | Reached XP level 1. HP: 13/13 MP: 2/2
    65 | D:2      | Identified the +9 hand axe of Hepliaklqana's Respect
                  | {freeze, rPois rF++ Dex+7}
    87 | D:2      | Found an iron altar of Okawaru.
   340 | D:1      | Reached XP level 2. HP: 19/20 MP: 3/3
   658 | D:1      | Found a faded altar of an unknown god.
   670 | D:1      | Got Plato's Disquisition on Evil
  1044 | D:3      | Reached XP level 3. HP: 21/25 MP: 4/4
  1553 | D:3      | Reached skill level 1 in Fighting
  1618 | D:3      | Noticed a scorpion
  1624 | D:3      | Killed a scorpion
  1625 | D:3      | Reached skill level 1 in Axes
  1625 | D:3      | Reached skill level 1 in Polearms
  1625 | D:3      | Reached XP level 4. HP: 28/32 MP: 5/5
  2491 | D:4      | Reached XP level 5. HP: 37/37 MP: 6/6
  2688 | D:4      | Learned a level 1 spell: Beastly Appendage
  2691 | D:4      | Learned a level 2 spell: Wereblood
  2695 | D:4      | Learned a level 3 spell: Call Canine Familiar
  2765 | D:4      | Reached XP level 6. HP: 14/44 MP: 7/7
  2766 | D:4      | Slain by a gnoll

Illustrated notes

Levels and vault maps discovered:
D:1:      lightli_molten_gateway, layout_basic,
          shapermc_ecumenical_altar_rom_forum, minmay_distorted
D:2:      layout_loops_corners, basic_altar
D:3:      layout_loops_ring
D:4:      layout_basic

Skill      XL: |  1  2  3  4  5 |
---------------+----------------+-----
Dodging        | 2 |  2.7
Fighting       | 1 2 |  2.0
Axes           | 1 2 |  2.4
Polearms       | 1 2 |  2.0
Stealth        | 2 3 |  3.1
Throwing       | |  1.7
Armour         | |  1.0
Spellcasting   | |  1.1
Summonings     | |  2.2
Transmutations | |  4.3

Action                   |  1- 3 |  4- 6 || total
-------------------------+-------+-------++-------
Melee: Hand axe          |    63 |    34 ||    97
       Punch             |     1 |       ||     1
  Use: Scroll            |     4 |     4 ||     8
 Stab: Sleeping          |    11 |     5 ||    16
Armor: Robe              |    17 |     6 ||    23
Dodge: Dodged            |    39 |    25 ||    64
